 Dungeon Crawl Stone Soup version 0.28-a0-728-g0181a31188 (webtiles) character file.

Game seed: 9614644937408178428

527 Aggronaut the Slasher (level 7, -2/52 HPs)
             Began as a Demonspawn Berserker on Oct 28, 2021.
             Was a Believer of Trog.
             Slain by an ogre (14 damage)
             ... on level 4 of the Dungeon.
             The game lasted 00:08:42 (3611 turns).

Aggronaut the Slasher (Demonspawn Berserker)        Turns: 3611, Time: 00:08:43

Health: -2/52      AC:  7    Str: 19    XL:     7   Next: 2%
Magic:  7/7        EV: 12    Int:  9    God:    Trog [**....]
Gold:   176        SH:  0    Dex: 12    Spells: 6/6 levels left

rFire   . . .      SeeInvis .   a - +0 falchion
rCold   . . .      Faith    .   (no shield)
rNeg    + . .      Spirit   .   o - +0 ring mail
rPois   .          Reflect  .   r - +0 helmet
rElec   .          Harm     .   m - +0 cloak
rCorr   +          Rampage  .   (no gloves)
Will    .....                   (no boots)
Stlth   +.........              (no amulet)
HPRegen 0.17/turn               g - ring of resist corrosion
MPRegen 0.10/turn               y - ring of positive energy

@: mighty
A: powered by pain 1, spiny 1, sturdy frame 2
a: Renounce Religion, Berserk, Trog's Hand


You were on level 4 of the Dungeon.
You worshipped Trog.
Trog was pleased with you.
You visited 1 branch of the dungeon, and saw 4 of its levels.

You collected 176 gold pieces.

Inventory:

Hand Weapons
 a - a +0 falchion (weapon)
Missiles
 f - 3 javelins (quivered)
Armour
 m - a +0 cloak (worn)
 o - a +0 ring mail (worn)
 r - a +0 helmet (worn)
Jewellery
 g - a ring of resist corrosion (left hand)
 y - a ring of positive energy (right hand)
Wands
 q - a wand of flame (12)
Scrolls
 b - a scroll of brand weapon {unknown}
 e - 2 scrolls of enchant weapon {unknown}
 h - 2 scrolls of enchant armour {unknown}
 j - a scroll of fog {unknown}
 k - a scroll of immolation {unknown}
 p - a scroll of identify
 s - a scroll of silence {unknown}
 w - a scroll of magic mapping {unknown}
 x - 2 scrolls of fear {unknown}
Potions
 c - 3 potions of curing
 d - a potion of might {unknown}
 i - 2 potions of heal wounds
 l - a potion of ambrosia {unknown}
 n - 3 potions of lignification
 t - a potion of degeneration {unknown}
 u - a potion of mutation {unknown}
 v - 3 potions of haste {unknown}


   Skills:
 - Level 3.0 Fighting
 + Level 7.3 Long Blades
 - Level 1.7 Armour
 - Level 1.7 Dodging


You had 6 spell levels left.
You didn't know any spells.
Your spell library contained the following spells:

 Spells                   Type           Power      Damage    Failure   Level
 Freeze                   Ice            0%         1d3       41%         1
 Frozen Ramparts          Ice            0%         1d2       78%         3
 Hailstorm                Conj/Ice       0%         3d3       99%         4
 Summon Forest            Summ/Tloc      0%         N/A       100%        5
 Summon Mana Viper        Hex/Summ       0%         N/A       100%        5
 Summon Cactus Giant      Summ           0%         N/A       100%        6


Dungeon Overview and Level Annotations

Branches:
Dungeon (4/15)
 Temple: D:4-7

Altars:
Elyvilon


Innate Abilities, Weirdness & Mutations

You sometimes gain a little power by taking damage.
You are partially covered in sharp spines.
Your movements are less encumbered by armour. (ER -4)


Message History

You hit the jelly.
Your hands burn!
The jelly is lightly wounded.
The jelly hits you.
You are splashed with acid.
You resist.
You hit the jelly but do no damage.
Your hands burn!
The jelly is lightly wounded.
The jelly is struck by your spines. The jelly closely misses you.
You hit the jelly.
Your hands burn!
The jelly is heavily wounded.
The jelly is struck by your spines. The jelly hits you but does no damage.
You barely miss the jelly.
The jelly is severely wounded.
The jelly is struck by your spines. The jelly barely misses you.
You hit the jelly.
Your hands burn!
The jelly is almost dead.
The jelly barely misses you.
You hit the jelly but do no damage.
Your hands burn!
The jelly is almost dead.
The jelly hits you.
You are splashed with acid.
You resist.
You slash the jelly!
You kill the jelly!
Trog accepts your kill.
You have reached level 7!
Your demonic ancestry asserts itself...
You feel less encumbered by your armour.
You hit the ogre but do no damage. The ogre hits you but does no damage.
You hit the ogre.
The ogre is lightly wounded.
You slash the ogre!
The ogre is heavily wounded.
The ogre is struck by your spines. The ogre hits you with a +0 giant club.
You slash the ogre!
The ogre is almost dead.
The ogre hits you with a +0 giant club!!
* * * LOW HITPOINT WARNING * * *
You focus on the pain.
You feel very mighty all of a sudden.
You barely miss the ogre.
The ogre is almost dead.
The ogre hits you with a +0 giant club!
You die...

..#.#..#.....#
#<#.#......###
#......#####
.#.....# ####
.#...#########
...#
.............####
...#
.##.#..#####....#
>..# .##....##
####.##..$#
.####...#
#.@O...# .# #...#
####[..# ## #...#
...# # #...# ...#
# #...# ...# #
#...# #### #...#
#####


You could see an ogre.

Vanquished Creatures
  2 necrophages
  2 ogres
  A jelly (D:4)
  Jessica (D:3)
  Robin (D:3)
  2 adders
  An ufetubus (D:4)
  4 dart slugs
  4 orcs (D:3)
  7 ball pythons
  5 endoplasms
  3 giant cockroaches
  10 hobgoblins
  3 kobolds
  4 quokkas
  6 bats
  3 frilled lizards
  14 goblins
  3 rats (D:3)
76 creatures vanquished.

Notes
Turn   | Place    | Note
-------+----------+-------------------------------------------
     0 | D:1      | Aggronaut the Demonspawn Berserker began the quest for the
                  | Orb.
     0 | D:1      | Reached XP level 1. HP: 18/18 MP: 1/1
   235 | D:1      | Reached skill level 3 in Long Blades
   280 | D:1      | Gained mutation: Your movements are slightly less
                  | encumbered by armour. (ER -2) [demonic ancestry]
   280 | D:1      | Reached XP level 2. HP: 10/24 MP: 2/2
   491 | D:1      | Found a faded altar of an unknown god.
  1079 | D:1      | Gained mutation: You are partially covered in sharp spines.
                  | [demonic ancestry]
  1079 | D:1      | Reached XP level 3. HP: 29/29 MP: 3/3
  1579 | D:2      | Reached skill level 4 in Long Blades
  2193 | D:3      | Reached ** piety under Trog
  2219 | D:3      | Noticed Robin
  2229 | D:3      | Gained mutation: You sometimes gain a little power by
                  | taking damage. [demonic ancestry]
  2229 | D:3      | Reached XP level 4. HP: 32/35 MP: 4/4
  2238 | D:3      | Killed Robin
  2526 | D:3      | Noticed a necrophage
  2536 | D:3      | Killed a necrophage
  2537 | D:3      | Reached skill level 5 in Long Blades
  2537 | D:3      | Reached XP level 5. HP: 29/41 MP: 5/5
  2646 | D:3      | Noticed Jessica
  2657 | D:3      | Killed Jessica
  2872 | D:3      | Noticed an ogre
  2879 | D:3      | Killed an ogre
  2880 | D:3      | Reached skill level 6 in Long Blades
  2880 | D:3      | Reached XP level 6. HP: 47/47 MP: 6/6
  3141 | D:4      | Reached skill level 7 in Long Blades
  3607 | D:4      | Gained mutation: Your movements are less encumbered by
                  | armour. (ER -4) [demonic ancestry]
  3607 | D:4      | Reached XP level 7. HP: 36/52 MP: 7/7
  3611 | D:4      | Slain by an ogre

Illustrated notes

Levels and vault maps discovered:
D:1:      minmay_arrival_arboretum_small, layout_basic,
          hellmonk_ecumenical_altar_zigzags, hangedman_decor_push, st_stairs_3,
          minmay_pentomino_p4
D:2:      layout_basic, basic_altar, serial_glass, glass_columns_b,
          glass_columns_a, minmay_strange_pillars, feat_on_display,
          minmay_strange_pillars, minmay_strange_pillars
D:3:      layout_loops_ring, uniq_robin, uniq_jessica
D:4:      layout_rooms

Skill      XL: |  1  2  3  4  5  6 |
---------------+-------------------+-----
Long Blades    | 3 4 5 6 7 |  7.3
Fighting       | |  3.0
Armour         | |  1.7
Dodging        | |  1.7

Action                   |  1- 3 |  4- 6 |  7- 9 || total
-------------------------+-------+-------+-------++-------
Melee: Falchion          |   107 |    81 |     5 ||   193
Throw: Javelin           |     1 |     1 |       ||     2
Invok: Berserk           |       |     2 |       ||     2
  Use: Scroll            |     3 |       |       ||     3
 Stab: Sleeping          |     1 |       |       ||     1
Armor: Animal skin       |    20 |       |       ||    20
       Ring mail         |    12 |    30 |     1 ||    43
       Leather armour    |     2 |       |       ||     2
Dodge: Dodged            |    67 |    34 |       ||   101

Table legend: (Time is in decaauts)
 A = Elapsed time spent in this place.
 B = Non-inter-level travel time spent in this place.
 C = Inter-level travel time spent in this place.
 D = Time resting spent in this place.
 E = Time spent auto-exploring this place.
 F = Levels seen in this place.
 G = Mean time per level.
                   A        B        C        D        E       F      G
               +--------+--------+--------+--------+--------+-----+--------+
         Total |   3648 |   3597 |     51 |    659 |   2186 |   4 |  912.0 |
       Dungeon |   3648 |   3597 |     51 |    659 |   2186 |   4 |  912.0 |
               +--------+--------+--------+--------+--------+-----+--------+

Top non-repeatable levels by time:
     D:1: 1301 daAuts
     D:3: 973 daAuts
     D:2: 843 daAuts
     D:4: 530 daAuts
